 Dungeon Crawl Stone Soup version 0.18.1-50-g88ac8fd (webtiles) character file.

199 ololoev the Chopper (level 5, 6/63 HPs)
             Began as a Demonspawn Berserker on Oct 28, 2016.
             Was a Believer of Trog.
             Quit the game on level 2 of the Dungeon.
             The game lasted 00:01:38 (596 turns).

ololoev the Chopper (Demonspawn Berserker)           Turns: 596, Time: 00:01:39

Health: 6/63       AC:  5    Str: 23    XL:     5   Next: 48%
Magic:  5/5        EV: 11    Int:  9    God:    Trog [**....]
Gold:   4          SH:  0    Dex: 12    Spells: 0 memorised, 4 levels left

rFire  . . .     SeeInvis .     a - +0 hand axe
rCold  . . .     Gourm    .     e - +0 ring mail
rNeg   . . .     Faith    .     (no shield)
rPois  .         Spirit   .     (no helmet)
rElec  .         Dismiss  .     (no cloak)
rCorr  .         Reflect  .     (no gloves)
SustAt .         Harm     .     (no boots)
MR     .....                    (no amulet)
Stlth  ..........               (no ring)
                                (no ring)

@: berserking (expiring), mildly poisoned (6 -> 5), very quick, not resistant to
hostile enchantments, extremely unstealthy
A: hooves 1
a: Berserk, Trog's Hand, Burn Spellbooks, Renounce Religion


Innate Abilities, Weirdness & Mutations

You have large cloven feet.

Inventory:

Hand Weapons
 a - a +0 hand axe (weapon)
Armour
 e - a +0 ring mail (worn)
Scrolls
 d - a scroll of identify {unknown}
 g - 3 scrolls of fear {unknown}
Potions
 f - 3 potions of degeneration {unknown}
 i - a potion of curing {unknown}
Comestibles
 b - a beef jerky
 c - 2 bread rations
 h - a chunk of flesh


   Skills:
 + Level 4.1 Fighting
 * Level 4.4 Axes
 + Level 2.8 Armour
 - Level 1.7 Dodging


You had 4 spell levels left.
You didn't know any spells.


You were on level 2 of the Dungeon.
You worshipped Trog.
Trog was pleased with you.
You were not hungry.

You visited 1 branch of the dungeon, and saw 2 of its levels.

You collected 4 gold pieces.

#.... . #.... ..
..#....#### ...
.......... .>..#
.........##.#.?#
............##.## ..
...$............# ..#
#.#@.##.##..## #...#
#.#...†##.##...###....
.......)..............#
.......#).....<........#
..#+#.................#
. ..........###..##..#
.........#.###..##..#
.....................#
$...
....#........#....#..##

Notes
Turn   | Place    | Note
--------------------------------------------------------------
     0 | D:1      | ololoev the Demonspawn Berserker began the quest for the Orb.
     0 | D:1      | Reached XP level 1. HP: 18/18 MP: 1/1
   415 | D:1      | Gained mutation: You have large cloven feet. [demonic ancestry]
   415 | D:1      | Reached XP level 2. HP: 22/24 MP: 2/2
   490 | D:2      | Reached XP level 3. HP: 29/29 MP: 3/3
   520 | D:2      | Reached ** piety under Trog
   578 | D:2      | Noticed Sigmund
   594 | D:2      | Killed Sigmund
   594 | D:2      | Reached XP level 4. HP: 6/37 MP: 4/4
   594 | D:2      | Reached XP level 5. HP: 7/42 MP: 5/5
   596 | D:2      | Quit the game

Dungeon Overview and Level Annotations

Branches:
Dungeon (2/15)

Altars:


Message History

Sigmund casts a spell.
Sigmund flickers and vanishes!
Deactivating autopickup; reactivate with Ctrl-A.
You closely miss the adder.
The adder is heavily wounded.
You hit the hobgoblin but do no damage.
The hobgoblin hits you but does no damage.
The adder misses you.
You miss the adder. Your kick misses the adder.
The adder is heavily wounded.
You hit the hobgoblin.
The hobgoblin is lightly wounded.
The adder barely misses you. The hobgoblin barely misses you.
The adder closely misses you.
You miss the adder. You kick the adder, but do no damage.
The adder is heavily wounded.
You hit the hobgoblin.
The hobgoblin is heavily wounded.
You feel sick.
The hobgoblin hits you but does no damage.
The adder bites you but does no damage.
You closely miss the adder. You kick the adder, but do no damage.
The adder is heavily wounded.
You hit the hobgoblin but do no damage.
The hobgoblin is heavily wounded.
The adder closely misses you. The hobgoblin hits you with a club.
The adder bites you.
You are more poisoned.
The adder poisons you!
Use which ability? (? or * to list)
A red film seems to cover your vision as you go berserk!
You feel yourself moving faster!
You feel mighty!
You feel somewhat more hungry. The hobgoblin barely misses you.
The adder bites you but does no damage. The kobold hits you with a whip.
You closely miss the adder. Your kick misses the adder.
The adder is heavily wounded.
You hit the kobold.
The kobold is severely wounded.
You barely miss the hobgoblin.
The hobgoblin is heavily wounded.
You feel sick. The hobgoblin hits you with a club.
Something hits you but does no damage. The adder bites you but does no damage.
You hit the adder.
The adder is almost dead.
You slash the hobgoblin!
You kill the hobgoblin!
Trog accepts your kill.
You closely miss the kobold.
The kobold is severely wounded.
The adder bites you but does no damage. The kobold hits you with a whip.
You miss the adder. You kick the adder.
You kill the adder!
Trog accepts your kill.
You hit the kobold.
You kill the kobold!
Trog accepts your kill.
You feel sick. Something hits you. Something hits you but does no damage.
You see here an adder corpse.
You closely miss something. Your kick misses something.
You barely miss something. Something hits you!
You closely miss something. Your kick misses something.
You feel sick.
Unknown command.
You miss something. You kick something.
Your ring mail prevents you from hitting something.
You kick something. Something hits you but does no damage.
You slash something! Your kick misses something. You slash something!
Trog accepts your kill.
Trog appreciates your killing of a magic user.
Reactivating autopickup.
Your Fighting skill increases to level 4!
Your Axes skill increases to level 4!
You have reached level 4!
You feel clever.
You have reached level 5!
You feel a bit more experienced.
You feel sick.
Things that are here:
a scythe; an embroidered robe Are you sure you want to abandon this character and quit the game? (Confirm with "yes".)

There were no monsters in sight!

Vanquished Creatures
  Sigmund (D:2)
  2 adders (D:2)
  A giant gecko (D:1)
  3 bats
  2 giant cockroaches
  2 goblins (D:1)
  2 hobgoblins
  4 jackals (D:1)
  2 kobolds
  4 giant newts
  A rat (D:1)
24 creatures vanquished.

Action                   |  1- 3 |  4- 6 || total
-------------------------+-------+-------++-------
Melee: Hand axe          |    74 |       ||    74
       Kick              |    15 |       ||    15
Invok: Berserk           |     2 |       ||     2
Armor: Ring mail         |    39 |       ||    39
       Animal skin       |     1 |       ||     1
Dodge: Dodged            |    54 |       ||    54

Vault maps used:
D:1:      dpeg_arrival_simpleton_a, serial_bayou_ford_a, grunt_decor_arrowhead
D:2:      okawaru_metal_pillars_1_2, minitemple, serial_forest,
          infiniplex_forest_lined_2, infiniplex_forest_lined_2,
          infiniplex_forest_clump_diagonal, infiniplex_forest_lined_2,
          infiniplex_forest_clump_diagonal, infiniplex_forest_pool, nrook_uturn,
          minmay_rat_gold_closets, uniq_sigmund, uniq_natasha, uniq_jessica,
          uniq_terence
